 Dungeon Crawl Stone Soup version 0.28.0-45-g0d030f2227 (webtiles) character file.

Game seed: 7679122092421309633

524 L33tCrusader the Ruffian (level 7, -19/65 HPs)
             Began as a Troll Transmuter on Apr 9, 2022.
             Was a Follower of Sif Muna.
             Demolished by Menkaure (23 damage)
             ... on level 5 of the Dungeon.
             The game lasted 00:13:46 (3826 turns).

L33tCrusader the Ruffian (Troll Transmuter)         Turns: 3826, Time: 00:13:47

Health: -19/65     AC:  4    Str: 22    XL:     7   Next: 2%
Magic:  8/9        EV: 10    Int: 11    God:    Sif Muna [*.....]
Gold:   221        SH:  0    Dex: 10    Spells: 8/11 levels left

rFire   . . .      SeeInvis .   l - +4 dagger "Killer Bee's Foe" {drain, rElec Str+3}
rCold   . . .      Faith    +   (no shield)
rNeg    . . .      Spirit   .   a - +0 robe
rPois   .          Reflect  .   (helmet restricted)
rElec   +          Harm     .   (no cloak)
rCorr   .          Rampage  .   (gloves unavailable)
Will    .....                   (boots unavailable)
Stlth   +.........              d - amulet of faith
HPRegen 1.00/turn               (no ring)
MPRegen 0.11/turn               (no ring)

@: wereblooded
A: large, unfitting armour, claws 3, regeneration 1, shaggy fur 1, tough skin 1
a: Renounce Religion, Channel Magic


You were on level 5 of the Dungeon.
You worshipped Sif Muna.
Sif Muna was aware of your devotion.
You visited 1 branch of the dungeon, and saw 5 of its levels.

You collected 221 gold pieces.

Inventory:

Hand Weapons
 l - the +4 dagger "Killer Bee's Foe" (weapon) {drain, rElec Str+3}
   (You found it on level 2 of the Dungeon)

   A truly terrible weapon, it drains the life of any living foe it strikes.
   Str:       It affects your strength (+3).
   rElec:     It insulates you from electricity.
Armour
 a - a +0 robe (worn)
Jewellery
 d - an amulet of faith (around neck)
Wands
 h - a wand of acid (13)
Potions
 b - a potion of heal wounds {unknown}
 e - 2 potions of attraction
 f - a potion of resistance {unknown}
 i - a potion of lignification {unknown}


   Skills:
 + Level 2.1 Fighting
 * Level 1.3 Short Blades
 + Level 2.6 Dodging
 - Level 4.2 Unarmed Combat
 * Level 2.5 Spellcasting
 * Level 3.0 Transmutations


You had 8 spell levels left.
You knew the following spells:

 Your Spells              Type           Power      Damage    Failure   Level
a - Beastly Appendage     Tmut           16%        N/A       8%          1
b - Wereblood             Tmut           8%         N/A       12%         2

Your spell library contained the following spells:

 Spells                   Type           Power      Damage    Failure   Level
 Shock                    Conj/Air       4%         1d3       28%         1
 Spider Form              Tmut/Pois      4%         N/A       41%         3
 Ignite Poison            Fire/Tmut/Pois 3%         N/A       47%         3
 Conjure Flame            Conj/Fire      1%         6-21      63%         3
 Swiftness                Air            1%         N/A       63%         3
 Ice Form                 Ice/Tmut       4%         N/A       82%         4
 Airstrike                Air            0%         N/A       95%         4
 Sticky Flame             Conj/Fire      1%         2d3       95%         4


Dungeon Overview and Level Annotations

Branches:
Dungeon (5/15)
 Temple: D:4-7

Altars:
Elyvilon
Gozag
Hepliaklqana
Sif Muna

Shops:
D:4 *:

Annotations:
D:5 Menkaure


Innate Abilities, Weirdness & Mutations

You are too large for most types of armour.
You have claws for hands.
Your natural rate of healing is unusually fast.
You are covered in fur. (AC +1)
You have tough skin. (AC +1)


Message History

There is a stone staircase leading up here.
Found 14 gold pieces.
You now have 207 gold pieces (gained 9).
Menkaure, Prince of Dust comes into view.
Menkaure shouts!
Menkaure gestures wildly while chanting.
Menkaure seems to speed up.
You see here 14 gold pieces.
You now have 221 gold pieces (gained 14).
Menkaure calls on the powers of darkness!
Your body is wracked with pain!
Okay, then.
Okay, then.
Casting: Beastly Appendage (safe; 8% risk of failure)
Confirm with . or Enter, or press ? or * to list all spells.
Your blood is infused with primal strength.
You puncture Menkaure!
Menkaure is moderately damaged.
Menkaure hits you.
You hit Menkaure.
Menkaure is moderately damaged.
Menkaure points at you and mumbles some strange words.
You struggle to resist.
Menkaure hits you!!
* * * LOW HITPOINT WARNING * * *
You hit Menkaure.
Menkaure is heavily damaged.
Menkaure barely misses you.
You hit Menkaure.
Menkaure is heavily damaged.
Menkaure calls on the powers of darkness!
Your body is wracked with pain!
* * * LOW HITPOINT WARNING * * *
You hit Menkaure.
Menkaure is heavily damaged.
Menkaure hits you!
* * * LOW HITPOINT WARNING * * *
You hit Menkaure.
Menkaure is severely damaged.
Menkaure hits you!!
You die...

.#... ....
#...## .....
##...# ....#
..# #..##..#
#.M.#..#
##@.#..# #
#..#..#
#.#.###.#..#
...........#
#.#........#
#........#
#.####...#
#+#...<..#
.....###..#


You could see Menkaure (fast).

Vanquished Creatures
  A sky beast (D:3)
  A scorpion (D:4)
  A water moccasin zombie (D:3)
  A howler monkey (D:4)
  A hound (D:4)
  An orc priest (D:4)
  2 iguanas (D:4)
  A gnoll (D:1)
  A howler monkey skeleton (D:4)
  5 adders
  An adder skeleton (D:4)
  4 worms
  4 dart slugs
  5 orcs (D:4)
  3 bats
  5 giant cockroaches
  6 goblins
  10 hobgoblins
  8 jackals
  4 quokkas
  6 ball pythons
  6 frilled lizards
  7 kobolds
  4 rats
88 creatures vanquished.

Vanquished Creatures (others)
  7 plants (D:4)
7 creatures vanquished.

Grand Total: 95 creatures vanquished

Notes
Turn   | Place    | Note
-------+----------+-------------------------------------------
     0 | D:1      | L33tCrusader the Troll Transmuter began the quest for the
                  | Orb.
     0 | D:1      | Reached XP level 1. HP: 18/18 MP: 1/1
    45 | D:1      | Reached skill level 1 in Fighting
    45 | D:1      | Reached XP level 2. HP: 12/27 MP: 3/3
   231 | D:1      | Found a faded altar of an unknown god.
   258 | D:1      | Reached XP level 3. HP: 33/33 MP: 4/4
   992 | D:2      | Identified the +4 dagger "Killer Bee's Foe" {drain, rElec
                  | Str+3}
  1101 | D:2      | Found a shimmering blue altar of Sif Muna.
  1111 | D:2      | Became a worshipper of Sif Muna the Loreminder
  1196 | D:2      | Reached XP level 4. HP: 37/41 MP: 5/5
  2325 | D:3      | Noticed a sky beast
  2333 | D:3      | Killed a sky beast
  2334 | D:3      | Reached skill level 4 in Unarmed Combat
  2334 | D:3      | Reached XP level 5. HP: 35/48 MP: 4/7
  2788 | D:4      | Reached XP level 6. HP: 46/57 MP: 8/8
  2824 | D:4      | Found a white marble altar of Elyvilon.
  2962 | D:4      | Reached * piety under Sif Muna
  3173 | D:4      | Found a hazy altar of Hepliaklqana.
  3225 | D:4      | Reached skill level 1 in Short Blades
  3494 | D:4      | Learned a level 2 spell: Wereblood
  3520 | D:4      | Reached XP level 7. HP: 64/65 MP: 9/9
  3546 | D:4      | Found an opulent altar of Gozag.
  3566 | D:4      | Found Gozag's Platinum Reserve.
  3697 | D:4      | Found Zaomiq's Book Shoppe.
  3804 | D:5      | Entered Level 5 of the Dungeon
  3813 | D:5      | Noticed Menkaure
  3825 | D:5      | HP: 3/65 [Menkaure (9)]
  3826 | D:5      | Demolished by Menkaure

Illustrated notes

Levels and vault maps discovered:
D:1:      dpeg_arrival_simpleton_a, layout_basic,
          hellmonk_ecumenical_altar_lost_god, minmay_misc_feat_doors,
          nicolae_grassy_gnolls
D:2:      layout_basic, basic_altar
D:3:      layout_basic, solitary_fountain, skrybe_limestone_x
D:4:      minmay_skewed_foursquare, layout_loops_ring,
          mainiacjoe_overflow_boulevard, mainiacjoe_overflow_catwalk,
          nicolae_gozag_zags_fifth_avenue, serial_shops, kennysheep_mini,
          grunt_ministairs_6
D:5:      layout_basic, uniq_duvessa, uniq_menkaure

Skill      XL: |  1  2  3  4  5  6 |
---------------+-------------------+-----
Fighting       | 1 2 |  2.1
Dodging        | 2 |  2.6
Transmutations | 2 3 |  3.0
Unarmed Combat | 4 |  4.2
Spellcasting   | 2 |  2.5
Short Blades   | 1 |  1.3

Action                   |  1- 3 |  4- 6 |  7- 9 || total
-------------------------+-------+-------+-------++-------
Melee: Unarmed           |   104 |    68 |       ||   172
       Punch             |     2 |     3 |       ||     5
       Dagger            |       |    96 |    15 ||   111
 Cast: Beastly Appendage |       |     1 |       ||     1
       Wereblood         |       |       |     1 ||     1
  Use: Scroll            |       |    10 |       ||    10
 Stab: Sleeping          |       |     3 |       ||     3
Armor: Robe              |    26 |    46 |     1 ||    73
Dodge: Dodged            |    45 |    65 |     1 ||   111
